 Dungeon Crawl Stone Soup version 0.30-a0-475-g03497ec522 (webtiles) character file.

Game seed: 13510186550481123587

54 kae the Firebug (level 3, -2/19 HPs)
             Began as a Tengu Fire Elementalist on Dec 20, 2022.
             Slain by a gnoll
             ... wielding a +0 club
              (4 damage)
             ... on level 2 of the Dungeon.
             The game lasted 00:01:07 (1763 turns).

kae the Firebug (Tengu Fire Elementalist)           Turns: 1763, Time: 00:01:08

Health: -2/19      AC:  2    Str: 14    XL:     3   Next: 91%
Magic:  1/7        EV: 12    Int: 17    God:
Gold:   142        SH:  0    Dex: 14    Spells: 0/6 levels left

rFire   + . .      SeeInvis .    f - +1 mace
rCold   x . .      Faith    .    (no shield)
rNeg    . . .      Spirit   .    a - +0 robe
rPois   .          Reflect  .    (helmet restricted)
rElec   .          Harm     .    (no cloak)
rCorr   .          Rampage  .    (no gloves)
Will    .....                    (boots unavailable)
Stlth   ++........               (no amulet)
HPRegen 0.23/turn                F - ring of fire
MPRegen 0.10/turn                S - +6 ring of strength

@: no status effects
A: beak, talons 3
a: no special abilities


You were on level 2 of the Dungeon.
You visited 1 branch of the dungeon, and saw 2 of its levels.

You collected 142 gold pieces.


Innate Abilities, Weirdness & Mutations

You have a beak for a mouth.
You have claws for feet.


   Skills:
 - Level 2.1 Dodging
 - Level 2.0 Stealth
 + Level 2.4 Spellcasting
 * Level 3.1 Conjurations
 * Level 4.1 Fire Magic


You couldn't memorise any spells.
You knew the following spells:

 Your Spells              Type           Power      Damage    Failure   Level
a - Foxfire               Conj/Fire      84%        2x1d8     4%          1
b - Scorch                Fire           48%        2d7       4%          2
c - Inner Flame           Hex/Fire       13%        N/A       24%         3

Your spell library contained the following spells:

 Spells                   Type           Power      Damage    Failure   Level
 Kindle Blastsparks       Fire/Tloc/Air  20%        2d11      30%         3
 Flame Wave               Conj/Fire      21%        2d8       38%         4
 Tukima's Dance           Hex            2%         N/A       50%         3
 Passage of Golubria      Tloc           2%         N/A       88%         4
 Yara's Violent Unravell  Hex/Tmut       1%         3d3       99%         5

Inventory:

Hand Weapons
 f - a +1 mace (weapon)
   (You found it on level 1 of the Dungeon)
Missiles
 d - 7 poisoned darts
 g - 8 stones
Armour
 a - a +0 robe (worn)
Jewellery
 F - a ring of fire (left hand)
   (You found it on level 1 of the Dungeon)
 S - a +6 ring of strength (right hand)
   (You found it on level 1 of the Dungeon)
Wands
 k - a wand of roots (4)
   (You found it on level 2 of the Dungeon)
Scrolls
 c - 2 scrolls of identify {@r1}
 h - a scroll of fear {unknown}
 n - a scroll of amnesia {unknown}
Potions
 b - a potion of magic
 e - a potion of mutation {!q}
 i - a potion of heal wounds {unknown}
 j - a potion of haste {@q3}
 l - a potion of might {unknown}
 m - 2 potions of degeneration {unknown}

Dungeon Overview and Level Annotations

Branches:
Dungeon (2/15) Zot: 10237

Altars:

### ########.########
#...............#
########.######.# #.# #.#
********#######.# ###.#
*,,,,,,*#.......####.#.####
*,,,,,,**,,,,,#@##........#
**,,,,,,,,,,,,,#g##.....##.#
*,,,,,,,,,,,,,,#g#......##.#
,*,,,,,,***,,,,#.#......##.#
,*,,,,,,* #.,,,#........##.#
,*,,,,,,*##..,,#.#......##.#
,******,*#....##........##.#
,',,,,,,,.....)...>...).##.#
,******,*#............#.##.#


You could see 2 gnolls.


Message History

c - 2 scrolls of identify {@r1} (gained 1) Key pressed, stopping explore.
Casting: Foxfire (safe; 4% risk of failure)
Confirm with . or Enter, or press ? or * to list all spells.
You feel a surge of power!
You conjure some foxfire!
A rat comes into view. 😎 MP[+2]
Your mp is fully restored (7).
A rat is nearby!
Unknown command.
A rat is nearby!
A rat is nearby!
A rat is nearby!
Casting: Foxfire (safe; 4% risk of failure)
Confirm with . or Enter, or press ? or * to list all spells.
You feel a surge of power!
You conjure some foxfire!
The foxfire hits the rat.
You kill the rat! 😎 MP[-1]
You lost 1 mp, and now have 6/7 mp.
Key pressed, stopping explore.
Casting: Foxfire (safe; 4% risk of failure)
Confirm with . or Enter, or press ? or * to list all spells.
You feel a surge of power!
You miscast Foxfire.
You are very lightly contaminated with residual magic.
Nothing appears to happen.
Okay, then.
Your magical contamination has completely faded away.
g - 8 stones (gained 4) Key pressed, stopping explore.
There is an open door here.
You see here a +0 dagger.
Key pressed, stopping explore.
Done exploring. 😎 MP[+1]
Your mp is fully restored (7).
Done exploring.
Done exploring.
Done exploring.
Level map cleared.
You see here a +0 short sword.
A gnoll is nearby!
A gnoll is nearby!
A gnoll is nearby!
A gnoll is nearby!
A gnoll is nearby!
The gnoll shouts!
You hear a shout!
Casting: Foxfire (safe; 4% risk of failure)
Confirm with . or Enter, or press ? or * to list all spells.
You feel a surge of power!
You conjure some foxfire!
The foxfire hits the gnoll.
A gnoll comes into view. It is wielding a +0 club.
The foxfire hits the gnoll! 😎 MP[-1]
You lost 1 mp, and now have 6/7 mp.
Casting: Foxfire (safe; 4% risk of failure)
Confirm with . or Enter, or press ? or * to list all spells.
You feel a surge of power!
You conjure some foxfire!
The gnoll shouts!
A gnoll comes into view. It is wielding a +0 club.
The foxfire hits the gnoll. x2
The gnoll hits you from afar with a +0 spear! 😮 HP[-9] MP[-1]
You take 9 damage, and now have 10/19 hp.
MASSIVE DAMAGE!! (PAUSE)
You lost 1 mp, and now have 5/7 mp.
Casting: Foxfire (safe; 4% risk of failure)
Confirm with . or Enter, or press ? or * to list all spells.
You feel a surge of power!
You conjure some foxfire!
The gnoll completely misses you.
The foxfire hits the gnoll.
You kill the gnoll!
The foxfire hits the gnoll. 😮 HP[+1] MP[-1]
You lost 1 mp, and now have 4/7 mp.
Unknown command. 😮 MP[+1]
The gnoll drinks a potion.
The gnoll seems to speed up. 😮 HP[+1] 😮 HP[+1]
Casting: Foxfire (safe; 4% risk of failure)
Confirm with . or Enter, or press ? or * to list all spells.
You feel a surge of power!
Flames lash the gnoll.
The gnoll's fire resistance burns away.
The gnoll hits you with a +0 club!
* * * LOW HITPOINT WARNING * * *
The gnoll closely misses you. 😨 HP[-7] MP[-2]
You take 7 damage, and now have 6/19 hp.
MASSIVE DAMAGE!! (PAUSE)
You lost 2 mp, and now have 3/7 mp.
Casting: Scorch (safe; 4% risk of failure)
Confirm with . or Enter, or press ? or * to list all spells.
You feel a surge of power!
Flames lash the gnoll.
The gnoll's fire resistance burns away.
The gnoll hits you with a +0 club.
* * * LOW HITPOINT WARNING * * *
The gnoll hits you with a +0 club.
You die...

Skill      XL: |  1  2  3 |
---------------+----------+-----
Conjurations   | 2 3 |  3.1
Fire Magic     | 4 |  4.1
Dodging        | |  2.1
Stealth        | |  2.0
Spellcasting   | |  2.4

Action                   || total
-------------------------++-------
Melee: Unarmed           ||    16
       Kick              ||     4
       Peck              ||     2
 Cast: Foxfire           ||    67
       Scorch            ||     3
  Use: Scroll            ||     4
Armor: Robe              ||     3
Dodge: Dodged            ||    27

Levels and vault maps discovered:
D:1:      lightli_arrival_noodles, layout_rooms, st_stairs_12
D:2:      layout_basic

Notes
Turn   | Place    | Note
-------+----------+-------------------------------------------
     0 | D:1      | kae the Tengu Fire Elementalist began the quest for the
                  | Orb.
     0 | D:1      | Reached XP level 1. HP: 10/10 MP: 4/4
     0 | D:1      | magus.rc [v1.11.3]
   171 | D:1      | Reached skill level 2 in Conjurations
   171 | D:1      | Reached XP level 2. HP: 15/15 MP: 3/6
   412 | D:1      | Reached XP level 3. HP: 19/19 MP: 4/7
   415 | D:1      | Learned a level 2 spell: Scorch
   419 | D:1      | Learned a level 3 spell: Inner Flame
   469 | D:1      | You add the spells Tukima's Dance, Passage of Golubria and
                  | Yara's Violent Unravelling to your library.
   851 | D:2      | Identified the +2 scale mail of Fedhas {Int+6 Stlth+}
  1242 | D:2      | Reached skill level 4 in Fire Magic
  1347 | D:2      | Reached skill level 3 in Conjurations
  1762 | D:2      | HP: 2/19 [gnoll/+0 club (4)]
  1763 | D:2      | Slain by a gnoll

Vanquished Creatures
  A gnoll (D:2)
  2 ball pythons
  A bat (D:1)
  4 giant cockroaches
  6 goblins
  5 hobgoblins
  8 jackals
  2 kobolds
  A quokka (D:1)
  2 frilled lizards (D:1)
  6 rats
38 creatures vanquished.

Vanquished Creatures (others)
  123 foxfires
123 creatures vanquished.

Grand Total: 161 creatures vanquished

Table legend:
 A = Non-vault XP
 B = Vault XP
 C = Vault XP percentage of total XP
 D = Non-vault monster count
 E = Vault monster count
 F = Vault count percentage of total count
                 A         B        C        D         E       F
            +---------+---------+-------+---------+---------+-------
      Total |      76 |       2 |   2.6 |      37 |       1 |   2.6
            +---------+---------+-------+---------+---------+-------
        D:1 |      38 |       2 |   5.0 |      21 |       1 |   4.5
        D:2 |      38 |       0 |   0.0 |      16 |       0 |   0.0
            +---------+---------+-------+---------+---------+-------

Illustrated notes

Table legend:
 A = Kills in this place as a percentage of kills in entire the game.
 B = Kills by you in this place as a percentage of kills by you in the entire game.
 C = Kills by friends in this place as a percentage of kills by friends in the entire game.
 D = Other kills in this place as a percentage of other kills in the entire game.
 E = Experience gained in this place as a percentage of experience gained in the entire game.
 F = Experience gained in this place divided by the number of levels of this place that you have seen.
                   A       B       C       D       E      F
               +-------+-------+-------+-------+-------+----------------------
         Total | 100.0 | 100.0 |   N/A |   N/A | 100.0 |  39.0
       Dungeon | 100.0 | 100.0 |   N/A |   N/A | 100.0 |  39.0
               +-------+-------+-------+-------+-------+----------------------

Table legend: (Time is in decaauts)
 A = Elapsed time spent in this place.
 B = Non-inter-level travel time spent in this place.
 C = Inter-level travel time spent in this place.
 D = Time resting spent in this place.
 E = Time spent auto-exploring this place.
 F = Levels seen in this place.
 G = Mean time per level.
                   A        B        C        D        E       F      G
               +--------+--------+--------+--------+--------+-----+--------+
         Total |   1761 |   1745 |     16 |    162 |   1320 |   2 |  880.5 |
       Dungeon |   1761 |   1745 |     16 |    162 |   1320 |   2 |  880.5 |
               +--------+--------+--------+--------+--------+-----+--------+

Top non-repeatable levels by time:
     D:2: 1058 daAuts
     D:1: 702 daAuts
